 Dungeon Crawl Stone Soup version 0.16-a0-4020-g6ff35b5 (console) character file.

501 mudo the Insei (level 6, -11/44 HPs)
             Began as a Vampire Transmuter on Feb 17, 2015.
             Killed from afar by a hobgoblin (20 damage)
             ... with a wand of lightning
             ... on level 4 of the Dungeon.
             The game lasted 00:29:00 (4289 turns).

mudo the Insei (Vampire Transmuter)                 Turns: 4289, Time: 00:29:00

Health: -11/44     AC:  4    Str:  9    XL:     6   Next: 95%
Magic:  10/10      EV: 14    Int: 17    God:
Gold:   189        SH:  0    Dex: 14    Spells: 3 memorised, 3 levels left

rFire  . . .     SeeInvis +       - Unarmed
rCold  . . .     Clarity  .     c - +0 robe
rNeg   . . .     SustAb   .     (no shield)
rPois  .         Gourm    .     B - +0 helmet
rElec  .         Spirit   .     q - +0 cloak
rCorr  .         Warding  .     (no gloves)
rMut   .         Stasis   .     (no boots)
MR     .....                    (no amulet)
Stlth  +.........               (no ring)
                                (no ring)

@: regenerating quickly, not resistant to hostile enchantments, very unstealthy
A: bottle blood, fangs 3, see invisible, unbreathing
a: no special abilities


You were on level 4 of the Dungeon.
You were very full.

You visited 1 branch of the dungeon, and saw 4 of its levels.
You also visited: Ossuary.

You collected 189 gold pieces.


   Skills:
 + Level 1.6 Fighting
 - Level 4.2 Dodging
 + Level 7.6 Unarmed Combat
 - Level 2.0 Spellcasting
 - Level 2.1 Transmutations


You had 3 spell levels left.
You knew the following spells:

 Your Spells              Type           Power        Failure   Level  Hunger
a - Beastly Appendage     Trmt           #.....       10%         1    #......
b - Sticks to Snakes      Trmt           #.........   14%         2    ###....
c - Spider Form           Trmt/Pois      #.........   38%         3    ###....


Dungeon Overview and Level Annotations

Branches:
Dungeon (4/15)
 Temple: D:4-7

Altars:
Ashenzari
Cheibriados
Dithmenos
Elyvilon
Fedhas
Kikubaaqudgha
Okawaru
Trog
The Shining One


Innate Abilities, Weirdness & Mutations

Your natural rate of healing is unusually fast.
You can bottle blood from corpses.
You have razor-sharp teeth.
You have supernaturally acute eyesight.
You can survive without breathing.

Inventory:

Hand weapons
 b - a cursed +1 blowgun
Missiles
 i - 63 stones (quivered)
 k - 56 arrows
 l - 7 curare-tipped needles {!f}
 m - 13 sling bullets
 n - a throwing net
 t - 7 poisoned needles
 v - 7 arrows of flame
Armour
 c - a +0 robe (worn)
 q - a +0 cloak (worn)
 B - a +0 helmet (worn)
Magical devices
 h - a wand of fireball (0)
 x - a wand of flame (34)
 y - a wand of invisibility (3)
 A - a wand of hasting (5)
Scrolls
 e - 3 scrolls of identify
 g - a scroll of random uselessness
 r - a scroll of amnesia {unknown}
 s - a scroll of recharging
 E - a scroll of teleportation
Potions
 a - 7 potions of blood {@*1}
 f - 4 potions of curing
 j - a potion of mutation {unknown}
 o - a potion of restore abilities {unknown}
 p - a potion of poison {unknown}
 u - 2 potions of brilliance
 w - a potion of magic {unknown}
 z - a potion of agility {unknown}
 C - a potion of heal wounds {unknown}
 D - 2 potions of haste {unknown}
Books
 d - a book of Changes

   Spells                             Type                      Level
   a - Beastly Appendage              Transmutation                1
   b - Sticks to Snakes               Transmutation                2
   c - Spider Form                    Transmutation/Poison         3
   d - Ice Form                       Ice/Transmutation            4
   e - Blade Hands                    Transmutation                5


Message History

The hound is almost dead.
The hound bites you but does no damage.
You hit the hound.
You kill the hound!
You hit the jackal.
The jackal is moderately wounded.
The jackal barely misses you.
You punch the jackal!
You kill the jackal!
No target in view!
No target in view!
No target in view!
The hobgoblin zaps a wand.
The bolt of lightning hits you! The bolt of lightning hits you!
* * * LOW HITPOINT WARNING * * *
It is a wand of lightning.
You closely miss the hobgoblin. You bite the hobgoblin.
The hobgoblin is almost dead.
The hobgoblin zaps a wand.
The bolt of lightning hits you!
You die...

(#.##.# #.## #...............
F#(.#.# #..## ##..#######..####
)F..#.# #...####..(#.....#..#
7)....## ###(......(#.....#.##
#7.((..#####.####...#.#.#.#)#
##.(#.###....# #...#.#.#.#.##
....#)###.##.## #...###.###..#
###.#..##.#...###............####
#.#......._...Vo......#........
#.#.#.###...#.###........#####.
#.#.#.# ##.##.###..#.....%..##.
#.#.#.# #....##......#..##.##.
#.#.#.####.#####.........##.##.
#.#.#......## ##......##.......
#.#.###.....# #.......#####.###
#.#.# #....######.....# #......
#.#.# #....#....#..._.# #.#..##


You could see a hobgoblin.

Action                   |  1- 3 |  4- 6 || total
-------------------------+-------+-------++-------
Melee: Unarmed           |   185 |   299 ||   484
 Cast: Beastly Appendage |     9 |       ||     9
       Spider Form       |       |     7 ||     7
Evoke: Wand              |       |     3 ||     3
  Use: Scroll            |       |     9 ||     9
       Potion            |       |     2 ||     2
 Stab: Invisible         |       |     4 ||     4
       Sleeping          |       |     2 ||     2
       Held in net/web   |       |     3 ||     3
  Eat: Corpse            |     9 |    15 ||    24

Vault maps used:
D:1:      sevenhm_arrival_forest_fort_large_2, kennysheep_decorative_pillar
D:2:      lemuel_coloured_pillars_altar, lightli_corner_chamber
D:3:      grunt_temple_overflow_growth_and_decay, old_standard_altar,
          lemuel_round_altar, lemuel_crystal_altar, hex_intersection, uniq_robin
D:4:      kennysheep_kobold_camp, nicolae_overflow_crystal_walls,
          overflow_temple_1_default, cheibriados_altar_wand_db, first_bread,
          enter_ossuary_4, fedhas_altar_1
Ossuary:  ossuary_the_hunt_dpeg

Vanquished Creatures
  A big kobold (D:3)
  2 centaur zombies (Ossuary)
  2 hounds
  An orc wizard (D:3)
  2 big kobold zombies (Ossuary)
  6 mummies (Ossuary)
  Robin (D:3)
  A gnoll (D:4)
  2 adders (D:3)
  A giant mite (D:3)
  A worm (D:2)
  3 giant geckos
  An ooze (D:3)
  6 orcs
  3 giant cockroaches
  20 goblins
  14 hobgoblins
  6 jackals
  A quokka (D:2)
  2 ball pythons
  8 bats
  6 giant newts
  3 hobgoblin zombies (Ossuary)
  28 kobolds
  A quokka skeleton (D:4)
  A quokka zombie (D:4)
  8 rats
  A rat zombie (D:4)
  A plant (D:4)
133 creatures vanquished.

Table legend:
 A = Kills in this place as a percentage of kills in entire the game.
 B = Kills by you in this place as a percentage of kills by you in the entire game.
 C = Kills by friends in this place as a percentage of kills by friends in the entire game.
 D = Other kills in this place as a percentage of other kills in the entire game.
 E = Experience gained in this place as a percentage of experience gained in the entire game.
 F = Experience gained in this place divided by the number of levels of this place that you have seen.
                   A       B       C       D       E      F
               +-------+-------+-------+-------+-------+----------------------
         Total | 100.0 | 100.0 |  -nan |  -nan | 100.0 | 143.2
       Dungeon |  90.2 |  90.2 |  -nan |  -nan |  65.8 | 117.8
       Ossuary |   9.8 |   9.8 |  -nan |  -nan |  34.2 | 245.0
               +-------+-------+-------+-------+-------+----------------------

Table legend:
 A = Turns spent in this place as a percentage of turns spent in the entire game.
 B = Non-inter-level travel turns spent in this place as a percentage of non-inter-level travel turns spent in the entire game.
 C = Inter-level travel turns spent in this place as a percentage of turns spent in this place.
 D = Turns resting spent in this place as a percentage of non-inter-level travel turns spent in this place.
 E = Turns spent auto-exploring this place as a percentage of non-inter-level travel turns spent in this place.
 F = Non-inter-level travel turns spent in this place divided by the number of levels of this place that you've seen.
                   A       B       C       D       E      F
               +-------+-------+-------+-------+-------+----------------------
         Total | 100.0 | 100.0 |   0.5 |   1.9 |   4.6 | 393.2
       Dungeon |  86.5 |  86.5 |   0.5 |   1.5 |   5.4 | 425.0
       Ossuary |  13.5 |  13.5 |   0.0 |   4.5 |   0.0 | 266.0
               +-------+-------+-------+-------+-------+----------------------

Notes
Turn   | Place    | Note
--------------------------------------------------------------
     0 | D:1      | mudo, the Vampire Transmuter, began the quest for the Orb.
     0 | D:1      | Reached XP level 1. HP: 14/14 MP: 3/3
   390 | D:1      | Reached skill level 4 in Unarmed Combat
   390 | D:1      | Reached XP level 2. HP: 8/20 MP: 4/4
   833 | D:2      | Reached XP level 3. HP: 25/25 MP: 6/6
  1365 | D:2      | Reached skill level 5 in Unarmed Combat
  1370 | D:2      | ....
  1396 | D:2      | Found an iron altar of Okawaru.
  1519 | D:3      | Found a blossoming altar of Fedhas.
  1519 | D:3      | Found an ancient bone altar of Kikubaaqudgha.
  1656 | D:3      | Reached XP level 4. HP: 28/31 MP: 7/7
  1765 | D:3      | Learned a level 2 spell: Sticks to Snakes
  1770 | D:3      | Noticed Robin
  1918 | D:2      | Learned a level 3 spell: Spider Form
  2038 | D:3      | HP: 6/31 [poisoned by a kobold]
  2043 | D:3      | HP: 4/31 [poisoned by a kobold]
  2050 | D:3      | HP: 2/31 [poisoned by a kobold]
  2187 | D:3      | Found a glowing golden altar of the Shining One.
  2237 | D:3      | Found a shattered altar of Ashenzari.
  2322 | D:3      | Reached skill level 6 in Unarmed Combat
  2554 | D:3      | ...
  2565 | D:3      | Killed Robin
  2565 | D:3      | Reached XP level 5. HP: 36/36 MP: 5/9
  2607 | D:3      | Found a shadowy altar of Dithmenos.
  2882 | D:4      | HP: 6/36 [big kobold/club (6)]
  2899 | D:4      | HP: 3/36 [big kobold/club (5)]
  3050 | D:2      | okay need to fix that
  3104 | D:3      | Reached skill level 3 in Dodging
  3252 | D:4      | Found a bloodstained altar of Trog.
  3301 | D:4      | Found a sand-covered staircase.
  3308 | D:4      | Reached XP level 6. HP: 42/42 MP: 10/10
  3311 | Ossuary  | Entered an ossuary
  3316 | Ossuary  | Reached skill level 7 in Unarmed Combat
  3513 | Ossuary  | Reached skill level 4 in Dodging
  3841 | D:4      | Found a white marble altar of Elyvilon.
  3918 | D:4      | Reached skill level 1 in Fighting
  4247 | D:4      | Found a snail-covered altar of Cheibriados.
  4287 | D:4      | HP: 8/44 [hobgoblin/wand of lightning (19)]
  4289 | D:4      | Killed from afar by a hobgoblin
